| TOP OF THE 1ST |
|
Detroit Tigers batting - Pitching for St. Louis Cardinals : LHP John Fisher
|
|
Pitching: LHP John Fisher
|
|
|
Batting: RHB Andres Leon
|
0-0: Foul Ball, location: 2F 0-1: Called Strike 0-2: Strikes out looking
|
|
Batting: RHB Chris Wheatley
|
0-0: Called Strike 0-1: SINGLE (Groundball, 4MS, EV 66.2 MPH) (infield hit)
|
|
Batting: RHB Victor Quinones
|
0-0: Ball Chris Wheatley steals 2nd, throwing error, E2 Chris Wheatley to third 1-0: Called Strike 1-1: Ball 2-1: Ground out 6-3 (Groundball, 6M, EV 86.9 MPH) Chris Wheatley scores
|
|
Batting: LHB Dave Carlisle
|
0-0: Swinging Strike 0-1: Foul Ball, location: 2F 0-2: Strikes out looking
|
| Top of the 1st over - 1 run, 1 hit, 1 error, 0 left on base; Detroit 1 - St. Louis 0 |
| BOTTOM OF THE 1ST |
|
St. Louis Cardinals batting - Pitching for Detroit Tigers : LHP Adrian Hamilton
|
|
Pitching: LHP Adrian Hamilton
|
|
|
Batting: SHB Chris Blue
|
0-0: Ball 1-0: Foul Ball, location: 2F 1-1: Ground out 6-3 (Groundball, 6, EV 85.6 MPH)
|
|
Batting: RHB Melvin Enriquez
|
0-0: Called Strike 0-1: TRIPLE (Flyball, 78XD, EV 98.8 MPH)
|
|
Batting: SHB Antoine Roux
|
0-0: Called Strike 0-1: SINGLE (Flyball, 9LS, EV 89.4 MPH) - OUT at second base trying to stretch hit. Melvin Enriquez scores
|
|
Batting: LHB Ichiro Toyota
|
0-0: Fly out, F5 (Popup, 5L, EV 63.8 MPH)
|
| Bottom of the 1st over - 1 run, 2 hits, 0 errors, 0 left on base; Detroit 1 - St. Louis 1 |
| TOP OF THE 2ND |
|
Detroit Tigers batting - Pitching for St. Louis Cardinals : LHP John Fisher
|
|
Batting: SHB Ross Holland
|
0-0: Foul Ball, location: 2F 0-1: Ball 1-1: Foul Ball, location: 2F 1-2: Ball 2-2: Foul Ball, location: 2F 2-2: Strikes out looking
|
|
Batting: RHB Dan Friess
|
0-0: Called Strike 0-1: SINGLE (Flyball, 4MD, EV 96.9 MPH)
|
|
Batting: LHB Morgan Black
|
0-0: Ball 1-0: Ball 2-0: Called Strike 2-1: Ball 3-1: Swinging Strike 3-2: Grounds into double play, 4-6-3 (Groundball, 4, EV 91.2 MPH)
|
| Top of the 2nd over - 0 runs, 1 hit, 0 errors, 0 left on base; Detroit 1 - St. Louis 1 |
| BOTTOM OF THE 2ND |
|
St. Louis Cardinals batting - Pitching for Detroit Tigers : LHP Adrian Hamilton
|
|
Batting: RHB Danny Gallo
|
0-0: Ball 1-0: Swinging Strike 1-1: Called Strike 1-2: Foul Ball, location: 2F 1-2: Ball 2-2: Ball 3-2: Strikes out swinging
|
|
Batting: LHB Pat Sutton
|
0-0: Called Strike 0-1: Ball 1-1: Ball 2-1: Fly out, F8 (Flyball, 8RM, EV 79.4 MPH)
|
|
Batting: RHB Mike Bates
|
0-0: Ball 1-0: Called Strike 1-1: Ball 2-1: SINGLE (Flyball, 5D, EV 82.5 MPH)
|
|
Batting: SHB Harry Hoop
|
0-0: Called Strike 0-1: Ball 1-1: Ball 2-1: Fly out, F9 (Flyball, 89S, EV 90.0 MPH)
|
| Bottom of the 2nd over - 0 runs, 1 hit, 0 errors, 1 left on base; Detroit 1 - St. Louis 1 |
| TOP OF THE 3RD |
|
Detroit Tigers batting - Pitching for St. Louis Cardinals : LHP John Fisher
|
|
Batting: RHB Dan Becvar
|
0-0: Called Strike 0-1: Called Strike 0-2: Ball 1-2: Strikes out swinging
|
|
Batting: LHB Tyler Davis
|
0-0: Called Strike 0-1: Foul Ball, location: 2F 0-2: Foul Ball, location: 2F 0-2: Ball 1-2: Ball 2-2: Ground out 6-3 (Groundball, 4MD, EV 111.2 MPH)
|
|
Batting: RHB Andres Leon
|
0-0: Foul Ball, location: 2F 0-1: Called Strike 0-2: Ball 1-2: Strikes out swinging
|
| Top of the 3rd over - 0 runs, 0 hits, 0 errors, 0 left on base; Detroit 1 - St. Louis 1 |
| BOTTOM OF THE 3RD |
|
St. Louis Cardinals batting - Pitching for Detroit Tigers : LHP Adrian Hamilton
|
|
Batting: LHB Armando Carbajal
|
0-0: Ball 1-0: Ball 2-0: Ball 3-0: Called Strike 3-1: Base on Balls
|
|
Batting: SHB Chris Blue
|
0-0: Called Strike 0-1: Ball 1-1: Foul Ball, location: 2F 1-2: Foul Ball, location: 2F 1-2: Strikes out looking
|
|
Batting: RHB Melvin Enriquez
|
0-0: Ball 1-0: Ball 2-0: Swinging Strike 2-1: Foul Ball, location: 2F 2-2: Ball 3-2: DOUBLE (Line Drive, 89D, EV 106.2 MPH) Armando Carbajal to third
|
|
Batting: SHB Antoine Roux
|
0-0: Ball 1-0: Ball 2-0: Fly out, F8 (Flyball, 8RD, EV 95.0 MPH) Runner from 3rd tags up, SCORES, throw by CF Melvin Enriquez to third
|
|
Batting: LHB Ichiro Toyota
|
0-0: Swinging Strike 0-1: Ball 1-1: Foul Ball, location: 2F 1-2: Foul Ball, location: 2F 1-2: Fly out, F9 (Line Drive, 89M, EV 91.2 MPH)
|
| Bottom of the 3rd over - 1 run, 1 hit, 0 errors, 1 left on base; Detroit 1 - St. Louis 2 |
| TOP OF THE 4TH |
|
Detroit Tigers batting - Pitching for St. Louis Cardinals : LHP John Fisher
|
|
Batting: RHB Chris Wheatley
|
0-0: Foul Ball, location: 2F 0-1: Ball 1-1: Foul Ball, location: 2F 1-2: Ball 2-2: Foul Ball, location: 2F 2-2: Foul Ball, location: 2F 2-2: DOUBLE (Line Drive, 78XD, EV 102.5 MPH)
|
|
Batting: RHB Victor Quinones
|
0-0: Ball 1-0: Hit by Pitch
|
|
Batting: LHB Dave Carlisle
|
0-0: Called Strike 0-1: Foul Ball, location: 2F 0-2: Strikes out swinging
|
|
Batting: SHB Ross Holland
|
0-0: Called Strike 0-1: Ball 1-1: Ball 2-1: Foul Ball, location: 2F 2-2: Strikes out swinging
|
|
Batting: RHB Dan Friess
|
0-0: Ball 1-0: Called Strike 1-1: Foul Ball, location: 2F 1-2: Ball 2-2: Fielders Choice at 2nd, 6-4 (Groundball, 6, EV 96.9 MPH)
|
| Top of the 4th over - 0 runs, 1 hit, 0 errors, 2 left on base; Detroit 1 - St. Louis 2 |
| BOTTOM OF THE 4TH |
|
St. Louis Cardinals batting - Pitching for Detroit Tigers : LHP Adrian Hamilton
|
|
Batting: RHB Danny Gallo
|
0-0: Called Strike 0-1: Fly out, F8 (Flyball, 8LD, EV 87.5 MPH)
|
|
Batting: LHB Pat Sutton
|
0-0: Ball 1-0: Called Strike 1-1: Ball 2-1: SINGLE (Line Drive, 9S, EV 95.0 MPH)
|
|
Batting: RHB Mike Bates
|
0-0: Ball 1-0: Foul Ball, location: 2F 1-1: Foul Ball, location: 2F 1-2: Foul Ball, location: 2F 1-2: Strikes out swinging
|
|
Batting: SHB Harry Hoop
|
0-0: Called Strike 0-1: Swinging Strike 0-2: Foul Ball, location: 2F 0-2: Ball 1-2: Strikes out swinging
|
| Bottom of the 4th over - 0 runs, 1 hit, 0 errors, 1 left on base; Detroit 1 - St. Louis 2 |
| TOP OF THE 5TH |
|
Detroit Tigers batting - Pitching for St. Louis Cardinals : LHP John Fisher
|
|
Batting: LHB Morgan Black
|
0-0: Called Strike 0-1: Foul Ball, location: 2F 0-2: Ball 1-2: SINGLE (Groundball, 4MD, EV 95.6 MPH)
|
|
Batting: RHB Dan Becvar
|
0-0: Called Strike 0-1: Fly out, F8 (Flyball, 8RXD, EV 88.8 MPH)
|
|
Batting: LHB Tyler Davis
|
0-0: 2-RUN HOME RUN (Flyball, 89XD, EV 95.6 MPH), Distance : 394 ft
|
|
Batting: RHB Andres Leon
|
0-0: Called Strike 0-1: SOLO HOME RUN (Line Drive, 7D, EV 96.9 MPH), Distance : 384 ft
|
|
Batting: RHB Chris Wheatley
|
0-0: Ball 1-0: SINGLE (Flyball, 3D, EV 91.9 MPH)
|
|
Batting: RHB Victor Quinones
|
0-0: Called Strike 0-1: Fielders Choice at 2nd, 3-6 (Groundball, 23, EV 86.2 MPH)
|
|
Batting: LHB Dave Carlisle
|
0-0: Ball 1-0: Swinging Strike 1-1: Ball 2-1: Called Strike 2-2: Ball 3-2: Strikes out looking
|
| Top of the 5th over - 3 runs, 4 hits, 0 errors, 1 left on base; Detroit 4 - St. Louis 2 |
| BOTTOM OF THE 5TH |
|
St. Louis Cardinals batting - Pitching for Detroit Tigers : LHP Adrian Hamilton
|
|
Batting: LHB Armando Carbajal
|
0-0: Fly out, F8 (Line Drive, 8LD, EV 88.8 MPH)
|
|
Batting: SHB Chris Blue
|
0-0: Swinging Strike 0-1: Foul Ball, location: 2F 0-2: Ball 1-2: Ball 2-2: Foul Ball, location: 2F 2-2: Reached on error, E5 (Groundball, 56, EV 82.5 MPH)
|
|
Batting: RHB Melvin Enriquez
|
0-0: Ball 1-0: SINGLE (Line Drive, 56D, EV 97.5 MPH) Chris Blue to second
|
|
Batting: SHB Antoine Roux
|
0-0: Ball 1-0: Foul Ball, location: 2F 1-1: Called Strike 1-2: Ball 2-2: Ball 3-2: Base on Balls Chris Blue to third Melvin Enriquez to second
|
|
Batting: LHB Ichiro Toyota
|
0-0: Foul Ball, location: 2F 0-1: Ball 1-1: Foul Ball, location: 2F 1-2: Ball 2-2: Ground out 6-3 (Groundball, P, EV 85.6 MPH) Chris Blue scores Melvin Enriquez to third Antoine Roux to second
|
|
Batting: RHB Danny Gallo
|
0-0: Called Strike 0-1: Fly out, F9 (Flyball, 9D, EV 103.1 MPH)
|
| Bottom of the 5th over - 1 run, 1 hit, 1 error, 2 left on base; Detroit 4 - St. Louis 3 |
| TOP OF THE 6TH |
|
Detroit Tigers batting - Pitching for St. Louis Cardinals : LHP John Fisher
|
|
Batting: SHB Ross Holland
|
0-0: Called Strike 0-1: Called Strike 0-2: Ball 1-2: Strikes out looking
|
|
Batting: RHB Dan Friess
|
0-0: Swinging Strike 0-1: Ball 1-1: Foul Ball, location: 2F 1-2: Ball 2-2: Strikes out swinging
|
|
Batting: LHB Morgan Black
|
0-0: Ball 1-0: Fly out, F8 (Flyball, 8LXD, EV 94.4 MPH)
|
| Top of the 6th over - 0 runs, 0 hits, 0 errors, 0 left on base; Detroit 4 - St. Louis 3 |
| BOTTOM OF THE 6TH |
|
St. Louis Cardinals batting - Pitching for Detroit Tigers : LHP Adrian Hamilton
|
|
Batting: LHB Pat Sutton
|
0-0: Foul Ball, location: 2F 0-1: Ball 1-1: Ball 2-1: Ball 3-1: Foul Ball, location: 2F 3-2: Ground out 6-3 (Groundball, 4M, EV 87.5 MPH)
|
|
Batting: RHB Mike Bates
|
0-0: Called Strike 0-1: Foul Ball, location: 2F 0-2: Ground out U3 (Groundball, 3L, EV 84.4 MPH)
|
|
Batting: SHB Harry Hoop
|
0-0: Ball 1-0: Called Strike 1-1: Foul Ball, location: 2F 1-2: Ball 2-2: Ball 3-2: Strikes out swinging
|
| Bottom of the 6th over - 0 runs, 0 hits, 0 errors, 0 left on base; Detroit 4 - St. Louis 3 |
| TOP OF THE 7TH |
|
Detroit Tigers batting - Pitching for St. Louis Cardinals : LHP John Fisher
|
|
Batting: RHB Dan Becvar
|
0-0: Ball 1-0: Foul Ball, location: 2F 1-1: Ground out U3 (Groundball, 23, EV 82.5 MPH)
|
|
Batting: LHB Tyler Davis
|
0-0: Ball 1-0: Swinging Strike 1-1: Swinging Strike 1-2: Strikes out swinging
|
|
Batting: RHB Andres Leon
|
0-0: Ball 1-0: SINGLE (Groundball, 5S, EV 71.9 MPH) (infield hit)
|
|
Pitching: RHP Danny Cook
|
|
|
Batting: RHB Chris Wheatley
|
0-0: Ball 1-0: Foul Ball, location: 2F 1-1: Fielders Choice at 2nd, 5-4 (Groundball, 5L, EV 102.5 MPH)
|
| Top of the 7th over - 0 runs, 1 hit, 0 errors, 1 left on base; Detroit 4 - St. Louis 3 |
| BOTTOM OF THE 7TH |
|
St. Louis Cardinals batting - Pitching for Detroit Tigers : LHP Adrian Hamilton
|
|
Pitching: RHP Aaron Vallejo
|
|
|
Batting: LHB Armando Carbajal
|
0-0: Fly out, F8 (Line Drive, 78M, EV 98.1 MPH)
|
|
Batting: SHB Chris Blue
|
0-0: Ball 1-0: Ball 2-0: Foul Ball, location: 2F 2-1: Foul Ball, location: 2F 2-2: Strikes out swinging
|
|
Batting: RHB Melvin Enriquez
|
0-0: Ball 1-0: Ball 2-0: Fly out, F8 (Flyball, 8RD, EV 104.4 MPH)
|
| Bottom of the 7th over - 0 runs, 0 hits, 0 errors, 0 left on base; Detroit 4 - St. Louis 3 |
| TOP OF THE 8TH |
|
Detroit Tigers batting - Pitching for St. Louis Cardinals : RHP Danny Cook
|
|
Batting: RHB Victor Quinones
|
0-0: Called Strike 0-1: Foul Ball, location: 2F 0-2: SOLO HOME RUN (Flyball, 7D, EV 106.2 MPH), Distance : 384 ft
|
|
Batting: LHB Dave Carlisle
|
0-0: DOUBLE (Flyball, 89XD, EV 103.8 MPH)
|
|
Batting: SHB Ross Holland
|
0-0: Intentional Walk
|
|
Batting: RHB Dan Friess
|
0-0: Called Strike 0-1: Ball 1-1: Foul Ball, location: 2F 1-2: Fly out, F9 (Line Drive, 89M, EV 93.8 MPH)
|
|
Batting: LHB Morgan Black
|
0-0: Foul Ball, location: 2F 0-1: Ball 1-1: Called Strike 1-2: Strikes out swinging
|
|
Batting: RHB Dan Becvar
|
0-0: Ball 1-0: Ball 2-0: SINGLE (Groundball, 6MD, EV 102.5 MPH) Dave Carlisle to third Ross Holland to second Runner from 3rd tries for Home, SAFE, throw by CF to home
|
|
Batting: LHB Tyler Davis
|
0-0: Ball 1-0: Ground out U3 (Groundball, 3S, EV 88.1 MPH)
|
| Top of the 8th over - 2 runs, 3 hits, 0 errors, 2 left on base; Detroit 6 - St. Louis 3 |
| BOTTOM OF THE 8TH |
|
St. Louis Cardinals batting - Pitching for Detroit Tigers : RHP Aaron Vallejo
|
|
Batting: SHB Antoine Roux
|
0-0: Called Strike 0-1: Ball 1-1: Foul Ball, location: 2F 1-2: SINGLE (Groundball, 6MD, EV 98.8 MPH)
|
|
Batting: LHB Ichiro Toyota
|
0-0: Ball 1-0: Foul Ball, location: 2F 1-1: Ball 2-1: Ball 3-1: Foul Ball, location: 2F 3-2: Ground out 4-3 (Groundball, 34, EV 88.1 MPH) Antoine Roux to second
|
|
Batting: RHB Danny Gallo
|
0-0: Called Strike 0-1: Ground out 5-3 (Groundball, 56, EV 85.6 MPH)
|
|
Batting: LHB Pat Sutton
|
0-0: Ball 1-0: Called Strike 1-1: Called Strike 1-2: Foul Ball, location: 2F 1-2: Strikes out swinging
|
| Bottom of the 8th over - 0 runs, 1 hit, 0 errors, 1 left on base; Detroit 6 - St. Louis 3 |
| TOP OF THE 9TH |
|
Detroit Tigers batting - Pitching for St. Louis Cardinals : RHP Danny Cook
|
|
Batting: RHB Andres Leon
|
0-0: Called Strike 0-1: Foul Ball, location: 2F 0-2: Strikes out looking
|
|
Batting: RHB Chris Wheatley
|
0-0: Ball 1-0: DOUBLE (Groundball, 5L, EV 104.4 MPH)
|
|
Batting: RHB Victor Quinones
|
0-0: Ball 1-0: Ball 2-0: SINGLE (Groundball, 34D, EV 100.6 MPH) Chris Wheatley to third Runner from 3rd tries for Home, SAFE, throw by RF to home Victor Quinones to second
|
|
Pitching: RHP Doug Seliger
|
|
|
Batting: LHB Dave Carlisle
|
0-0: Called Strike 0-1: Ball 1-1: Foul Ball, location: 2F 1-2: Ball 2-2: SINGLE (Line Drive, 6D, EV 93.8 MPH) Victor Quinones to third Runner from 3rd tries for Home, throw by CF and OUT! 8-2
|
|
Batting: SHB Ross Holland
|
0-0: Ball 1-0: Ball 2-0: Called Strike 2-1: Called Strike 2-2: Strikes out swinging
|
| Top of the 9th over - 1 run, 3 hits, 0 errors, 1 left on base; Detroit 7 - St. Louis 3 |
| BOTTOM OF THE 9TH |
|
St. Louis Cardinals batting - Pitching for Detroit Tigers : RHP Aaron Vallejo
|
|
Pitching: RHP Luis Brown
|
|
|
Batting: RHB Mike Bates
|
0-0: Called Strike 0-1: Swinging Strike 0-2: Fly out, F9 (Flyball, 9, EV 87.5 MPH)
|
|
Batting: SHB Harry Hoop
|
0-0: Ball 1-0: Ball 2-0: Ball 3-0: Base on Balls
|
|
Batting: LHB Armando Carbajal
|
0-0: Called Strike 0-1: DOUBLE (Line Drive, 5D, EV 108.1 MPH) Harry Hoop to third
|
|
Batting: SHB Chris Blue
|
0-0: Ball 1-0: Ball 2-0: Foul Ball, location: 2F 2-1: Foul Ball, location: 2F 2-2: Strikes out swinging
|
|
Batting: RHB Melvin Enriquez
|
0-0: SINGLE (Line Drive, 7S, EV 87.5 MPH) Harry Hoop scores Armando Carbajal to third
|
|
Batting: SHB Antoine Roux
|
0-0: Fly out, F7 (Line Drive, 7, EV 88.1 MPH)
|
| Bottom of the 9th over - 1 run, 2 hits, 0 errors, 2 left on base; Detroit 7 - St. Louis 4 |
|